MWL (24 & UNDER)
GRIM REAPERS @ LITTLE ROCK LEMMIWINKS
04/26/2028
 
TOP OF THE 1ST
Grim Reapers batting - Pitching for Little Rock Lemmiwinks : RHP Claudio Romero
Pitching: RHP Claudio Romero
Batting: LHB Carlos De La Rosa 0-0: Ball
1-0: Called Strike
1-1: DOUBLE (Line Drive, 9LS)
Batting: RHB Pedro López 0-0: Called Strike
0-1: Ball
1-1: Called Strike
1-2: Ball
2-2: Ground out 5-3 (Groundball, 56S)
Carlos De La Rosa to third
Batting: LHB Jesús Rojas 0-0: Ground out U3 (Groundball, 3L)
Batting: RHB Micheal Banks 0-0: Ball
1-0: Called Strike
1-1: Foul Ball, location: 2F
1-2: Ball
2-2: Foul Ball, location: 2F
2-2: Fly out, F7 (Flyball, 7D)
Top of the 1st over - 0 run(s), 1 hit(s), 0 error(s), 1 left on base; Grim 0 - Little Rock 0
BOTTOM OF THE 1ST
Little Rock Lemmiwinks batting - Pitching for Grim Reapers : RHP António Castaneda
Pitching: RHP António Castaneda
Batting: LHB Elvin Summers 0-0: Ball
1-0: Ball
2-0: Called Strike
2-1: Foul Ball, location: 2F
2-2: Foul Ball, location: 2F
2-2: Strikes out swinging
Batting: RHB Nicoli Turina 0-0: Fly out, F8 (Flyball, 8RM)
Batting: LHB Dave Raines 0-0: Foul Ball, location: 2F
0-1: SOLO HOME RUN (Flyball, 89XD), Distance : 409 ft
Batting: RHB Jaime Hernández 0-0: Ball
1-0: Foul Ball, location: 2F
1-1: SINGLE (Line Drive, 6D)
Batting: RHB Jorge Mora 0-0: Called Strike
0-1: Ball
1-1: Foul Ball, location: 2F
1-2: Ball
2-2: Fly out, F9 (Line Drive, 9)
Bottom of the 1st over - 1 run(s), 2 hit(s), 0 error(s), 1 left on base; Grim 0 - Little Rock 1
TOP OF THE 2ND
Grim Reapers batting - Pitching for Little Rock Lemmiwinks : RHP Claudio Romero
Batting: LHB Pat Carroll 0-0: Called Strike
0-1: Ball
1-1: Ball
2-1: Ground out U3 (Groundball, 3S)
Batting: RHB Ralph Wells 0-0: Swinging Strike
0-1: Ball
1-1: Ball
2-1: Ball
3-1: Base on Balls
Batting: SHB Jorge García 0-0: Called Strike
0-1: Ball
1-1: Ball
2-1: SINGLE (Line Drive, 6M)
Ralph Wells to second
Batting: RHB John Jones 0-0: Ball
1-0: SINGLE (Flyball, 9S)
Ralph Wells to third
Jorge García to second
Batting: SHB Frank Grant 0-0: Ball
1-0: Swinging Strike
1-1: Foul Ball, location: 2F
1-2: Ball
2-2: Strikes out looking
Batting: LHB Carlos De La Rosa 0-0: Foul Ball, location: 2F
0-1: Foul Ball, location: 2F
0-2: Foul Ball, location: 2F
0-2: Strikes out swinging
Top of the 2nd over - 0 run(s), 2 hit(s), 0 error(s), 3 left on base; Grim 0 - Little Rock 1
BOTTOM OF THE 2ND
Little Rock Lemmiwinks batting - Pitching for Grim Reapers : RHP António Castaneda
Batting: RHB James Hunter 0-0: Foul Ball, location: 2F
0-1: Foul Ball, location: 2F
0-2: Ball
1-2: Strikes out looking
Batting: RHB Bill Bourland 0-0: Ball
1-0: SINGLE (Flyball, 9LS)
Batting: RHB Juan Trujillo 0-0: Ground out 5-3 (Groundball, 56S)
Bill Bourland to second
Batting: RHB Álex Martínez 0-0: Called Strike
0-1: Ball
1-1: Ball
2-1: Ball
3-1: Called Strike
3-2: Foul Ball, location: 2F
3-2: SINGLE (Groundball, 6MD)
Bill Bourland to third
Bill Bourland scores
Batting: LHB Elvin Summers 0-0: Called Strike
Álex Martínez is caught stealing 2nd base
Bottom of the 2nd over - 1 run(s), 2 hit(s), 0 error(s), 0 left on base; Grim 0 - Little Rock 2
TOP OF THE 3RD
Grim Reapers batting - Pitching for Little Rock Lemmiwinks : RHP Claudio Romero
Batting: RHB Pedro López 0-0: Called Strike
0-1: Swinging Strike
0-2: Strikes out looking
Batting: LHB Jesús Rojas 0-0: Called Strike
0-1: Ball
1-1: Ball
2-1: Swinging Strike
2-2: Foul Ball, location: 2F
2-2: Strikes out swinging
Batting: RHB Micheal Banks 0-0: Ball
1-0: Foul Ball, location: 2F
1-1: Foul Ball, location: 2F
1-2: Ball
2-2: Foul Ball, location: 2F
2-2: Ball
3-2: Strikes out swinging
Top of the 3rd over - 0 run(s), 0 hit(s), 0 error(s), 0 left on base; Grim 0 - Little Rock 2
BOTTOM OF THE 3RD
Little Rock Lemmiwinks batting - Pitching for Grim Reapers : RHP António Castaneda
Batting: LHB Elvin Summers 0-0: Ball
1-0: Ball
2-0: Ball
3-0: Base on Balls
Batting: RHB Nicoli Turina 0-0: Called Strike
Elvin Summers steals 2nd base
0-1: Swinging Strike
0-2: Ground out 4-3 (Groundball, 4MS)
Elvin Summers to third
Batting: LHB Dave Raines 0-0: Ball
1-0: Swinging Strike
1-1: Called Strike
1-2: Ball
2-2: Ball
3-2: Strikes out swinging
Batting: RHB Jaime Hernández 0-0: Ground out 6-3 (Groundball, 6)
Bottom of the 3rd over - 0 run(s), 0 hit(s), 0 error(s), 1 left on base; Grim 0 - Little Rock 2
TOP OF THE 4TH
Grim Reapers batting - Pitching for Little Rock Lemmiwinks : RHP Claudio Romero
Batting: LHB Pat Carroll 0-0: Foul Ball, location: 2F
0-1: Swinging Strike
0-2: Ball
1-2: Strikes out swinging
Batting: RHB Ralph Wells 0-0: Ball
1-0: Ball
2-0: Fly out, F3 (Popup, 3L)
Batting: SHB Jorge García 0-0: Called Strike
0-1: Foul Ball, location: 2F
0-2: Ball
1-2: Ball
2-2: Ball
3-2: Strikes out swinging
Top of the 4th over - 0 run(s), 0 hit(s), 0 error(s), 0 left on base; Grim 0 - Little Rock 2
BOTTOM OF THE 4TH
Little Rock Lemmiwinks batting - Pitching for Grim Reapers : RHP António Castaneda
Batting: RHB Jorge Mora 0-0: Ball
1-0: Called Strike
1-1: Reached on error, E3 (Line Drive, 3L)
Batting: RHB James Hunter 0-0: Called Strike
0-1: Swinging Strike
0-2: Strikes out swinging
Batting: RHB Bill Bourland 0-0: SINGLE (Flyball, 6MD)
Jorge Mora to second
Batting: RHB Juan Trujillo 0-0: Ball
1-0: Ball
2-0: Foul Ball, location: 2F
2-1: Fly out, F8 (Flyball, 8LM)
Batting: RHB Álex Martínez 0-0: Ball
1-0: Ball
2-0: Ball
3-0: Base on Balls
Jorge Mora to third
Bill Bourland to second
Batting: LHB Elvin Summers 0-0: Ball
1-0: Swinging Strike
1-1: Ball
2-1: SINGLE (Groundball, 6MD)
Jorge Mora scores
Bill Bourland to third
Álex Martínez to second
Runner from 3rd tries for Home, SAFE, no throw
Batting: RHB Nicoli Turina 0-0: Ground out U3 (Groundball, 3)
Bottom of the 4th over - 2 run(s), 2 hit(s), 1 error(s), 2 left on base; Grim 0 - Little Rock 4
TOP OF THE 5TH
Grim Reapers batting - Pitching for Little Rock Lemmiwinks : RHP Claudio Romero
Batting: RHB John Jones 0-0: Ball
1-0: Ground out 5-3 (Groundball, 56)
Batting: SHB Frank Grant 0-0: Ball
1-0: Reached on error, E3 (Groundball, 34S)
Batting: LHB Carlos De La Rosa 0-0: Called Strike
0-1: Ball
1-1: Called Strike
1-2: SINGLE (Groundball, 4MD)
Frank Grant to second
Pitching: RHP Manuel Trujillo
Batting: RHB Pedro López 0-0: Foul Ball, location: 2F
0-1: Ball
1-1: Ground out 6-3 (Groundball, 6S)
Frank Grant to third
Carlos De La Rosa to second
Batting: LHB Jesús Rojas 0-0: Foul Ball, location: 2F
0-1: Ball
1-1: Foul Ball, location: 2F
1-2: Strikes out looking
Top of the 5th over - 0 run(s), 1 hit(s), 1 error(s), 2 left on base; Grim 0 - Little Rock 4
BOTTOM OF THE 5TH
Little Rock Lemmiwinks batting - Pitching for Grim Reapers : RHP António Castaneda
Batting: LHB Dave Raines 0-0: Swinging Strike
0-1: Called Strike
0-2: Ball
1-2: Ball
2-2: SINGLE (Groundball, 6M) (infield hit)
Batting: RHB Jaime Hernández 0-0: Ball
1-0: DOUBLE (Flyball, 3D)
Dave Raines to third
Batting: RHB Jorge Mora 0-0: Fly out, F8 (Flyball, 78M)
Runner from 3rd tags up, SCORES, throw made
Batting: RHB James Hunter 0-0: Foul Ball, location: 2F
0-1: Ball
1-1: Ball
2-1: Ball
3-1: Foul Ball, location: 2F
3-2: SINGLE (Line Drive, 8RS)
Jaime Hernández to third
Pitching: RHP Jonathan Anderson
Batting: RHB Bill Bourland 0-0: Ball
James Hunter steals 2nd base
1-0: Swinging Strike
1-1: Ground out 4-3 (Groundball, 4)
Jaime Hernández scores
James Hunter to third
Batting: RHB Juan Trujillo 0-0: Ground out 6-3 (Groundball, 6)
Bottom of the 5th over - 2 run(s), 3 hit(s), 0 error(s), 1 left on base; Grim 0 - Little Rock 6
TOP OF THE 6TH
Grim Reapers batting - Pitching for Little Rock Lemmiwinks : RHP Manuel Trujillo
Batting: RHB Micheal Banks 0-0: Fly out, F6 (Popup, 6D)
Batting: LHB Pat Carroll 0-0: Called Strike
0-1: Ball
1-1: Ball
2-1: Ball
3-1: Foul Ball, location: 2F
3-2: SINGLE (Groundball, 4MS) (infield hit)
Batting: RHB Ralph Wells 0-0: Ball
1-0: Called Strike
1-1: Called Strike
1-2: Ball
2-2: Ball
3-2: Strikes out swinging
Throwing error on steal attempt, E2
Pat Carroll to third
Batting: SHB Jorge García 0-0: Called Strike
0-1: Ball
1-1: Ground out 4-3 (Groundball, 4)
Top of the 6th over - 0 run(s), 1 hit(s), 1 error(s), 1 left on base; Grim 0 - Little Rock 6
BOTTOM OF THE 6TH
Little Rock Lemmiwinks batting - Pitching for Grim Reapers : RHP Jonathan Anderson
Batting: RHB Álex Martínez 0-0: Called Strike
0-1: Ground out 4-3 (Groundball, 4)
Batting: LHB Elvin Summers 0-0: Called Strike
0-1: Fly out, F3 (Popup, 34)
Batting: RHB Nicoli Turina 0-0: Called Strike
0-1: Swinging Strike
0-2: Foul Ball, location: 2F
0-2: SINGLE (Groundball, 56D)
Batting: LHB Dave Raines 0-0: Ball
1-0: Ball
2-0: Ball
3-0: Called Strike
3-1: Foul Ball, location: 2F
3-2: DOUBLE (Line Drive, 78M)
Nicoli Turina to third
Nicoli Turina scores
Batting: RHB Jaime Hernández 0-0: Swinging Strike
0-1: Ball
1-1: Called Strike
1-2: Ball
2-2: Ball
3-2: SINGLE (Groundball, 6MD)
Dave Raines to third
Dave Raines scores
Batting: RHB Jorge Mora 0-0: Fielders Choice at 2nd, 5-4 (Groundball, 5)
Bottom of the 6th over - 2 run(s), 3 hit(s), 0 error(s), 0 left on base; Grim 0 - Little Rock 8
TOP OF THE 7TH
Grim Reapers batting - Pitching for Little Rock Lemmiwinks : RHP Manuel Trujillo
Batting: RHB John Jones 0-0: Called Strike
0-1: SINGLE (Groundball, 56D)
Batting: SHB Frank Grant 0-0: Swinging Strike
0-1: SINGLE (Flyball, 8LS)
John Jones to second
Batting: LHB Carlos De La Rosa 0-0: SINGLE (Groundball, 56D)
John Jones to third
Frank Grant to second
Runner from 3rd tries for Home, SAFE, no throw
Batting: RHB Pedro López 0-0: Ball
1-0: Swinging Strike
1-1: Foul Ball, location: 2F
1-2: Strikes out swinging
Batting: LHB Jesús Rojas 0-0: SINGLE (Flyball, 8RS)
Frank Grant to third
Carlos De La Rosa to second
Runner from 3rd tries for Home, SAFE, no throw
Batting: RHB Micheal Banks 0-0: Ball
1-0: Ball
2-0: Ball
3-0: Called Strike
3-1: Fly out, F7 (Flyball, 7)
Batting: LHB Pat Carroll 0-0: Ball
1-0: Ground out 3-1 (Groundball, 3S)
Top of the 7th over - 2 run(s), 4 hit(s), 0 error(s), 2 left on base; Grim 2 - Little Rock 8
BOTTOM OF THE 7TH
Little Rock Lemmiwinks batting - Pitching for Grim Reapers : RHP Jonathan Anderson
Batting: RHB James Hunter 0-0: Ball
1-0: Ball
2-0: Ground out 6-3 (Groundball, 6S)
Batting: RHB Bill Bourland 0-0: Called Strike
0-1: Ball
1-1: Ball
2-1: Ground out 6-3 (Groundball, 6)
Batting: RHB Juan Trujillo 0-0: Ball
1-0: Called Strike
1-1: Ball
2-1: Foul Ball, location: 2F
2-2: Foul Ball, location: 2F
2-2: Fly out, F8 (Flyball, 78M)
Bottom of the 7th over - 0 run(s), 0 hit(s), 0 error(s), 0 left on base; Grim 2 - Little Rock 8
TOP OF THE 8TH
Grim Reapers batting - Pitching for Little Rock Lemmiwinks : RHP Manuel Trujillo
Now at 3B: Jack Crossey
Batting: RHB Ralph Wells 0-0: Ball
1-0: Foul Ball, location: 2F
1-1: Swinging Strike
1-2: Ground out 5-3 (Groundball, 56S)
Batting: SHB Jorge García 0-0: Ball
1-0: Swinging Strike
1-1: Ball
2-1: Foul Ball, location: 2F
2-2: Foul Ball, location: 2F
2-2: Ball
3-2: Base on Balls
Pitching: RHP Charles Palmeiro
Batting: RHB John Jones 0-0: Called Strike
0-1: Called Strike
0-2: Foul Ball, location: 2F
0-2: Ball
Wild Pitch!
Jorge García to second
1-2: Ball
2-2: Ball
3-2: Ground out 5-3 (Groundball, 5)
Batting: SHB Frank Grant 0-0: Called Strike
0-1: Called Strike
0-2: Foul Ball, location: 2F
0-2: Ball
1-2: Ball
2-2: Strikes out swinging
Top of the 8th over - 0 run(s), 0 hit(s), 0 error(s), 1 left on base; Grim 2 - Little Rock 8
BOTTOM OF THE 8TH
Little Rock Lemmiwinks batting - Pitching for Grim Reapers : RHP Jonathan Anderson
Batting: RHB Álex Martínez 0-0: Foul Ball, location: 2F
0-1: Reached on error, E4 (Groundball, 4)
Batting: LHB Elvin Summers 0-0: Ball
1-0: Ball
2-0: SINGLE (Groundball, 34D)
Álex Martínez to second
Runner from 2nd tries for 3rd, SAFE, no throw
Batting: RHB Nicoli Turina 0-0: Swinging Strike
0-1: Ball
1-1: Ball
2-1: Foul Ball, location: 2F
2-2: Grounds into double play, 5-4-3 (Groundball, 56)
Álex Martínez scores
Batting: LHB Dave Raines 0-0: Called Strike
0-1: Ground out 1-3 (Groundball, 13S)
Bottom of the 8th over - 1 run(s), 1 hit(s), 1 error(s), 0 left on base; Grim 2 - Little Rock 9
TOP OF THE 9TH
Grim Reapers batting - Pitching for Little Rock Lemmiwinks : RHP Charles Palmeiro
Now in RF: Francisco Gonzáles
Batting: LHB Carlos De La Rosa 0-0: Ball
1-0: Ball
2-0: Swinging Strike
2-1: Ball
3-1: Base on Balls
Batting: RHB Pedro López 0-0: Foul Ball, location: 2F
0-1: Ball
1-1: Foul Ball, location: 2F
1-2: SINGLE (Line Drive, 56)
Carlos De La Rosa to second
Batting: LHB Jesús Rojas 0-0: Foul Ball, location: 2F
0-1: Swinging Strike
0-2: Strikes out looking
Batting: RHB Micheal Banks 0-0: Swinging Strike
0-1: Ball
1-1: Foul Ball, location: 2F
1-2: Strikes out swinging
Batting: LHB Pat Carroll 0-0: Ball
1-0: Called Strike
1-1: Ball
2-1: Foul Ball, location: 2F
2-2: Strikes out looking
Top of the 9th over - 0 run(s), 1 hit(s), 0 error(s), 2 left on base; Grim 2 - Little Rock 9
Tuesday, August 8th, 2017 - OOTP Baseball 17.12 Build 75